Map: Temple gelé

Players

Shadowhunter

  • Race: Protoss Protoss

pupu - Winner!

  • Race: Protoss Protoss
  • League: Silver

VOD

Have the link to the VOD?

Description

Time

  • Played on: April 1, 2016, 10:10 a.m.
  • Length: 6:46
Show
View Real Time Build Order
Export as new Build Order

Shadowhunter Protoss 

Build Orders:  

Get SALT Encoding   

  12  0:04  Probe (Chrono Boost)  
  13  0:15  Probe (Chrono Boost)  
  14  0:23  Pylon  
  14  0:25  Probe (Chrono Boost)  
  15  0:42  Probe (Chrono Boost), Gateway  
  16  0:52  Probe (Chrono Boost)  
  17  1:09  Probe (Chrono Boost)  
  18  1:12  Gateway  
  18  1:15  Assimilator  
  18  1:19  Probe (Chrono Boost)  
  19  1:30  Probe (Chrono Boost)  
  20  1:48  Pylon  
  20  1:49  Zealot  
  20  1:52  Probe (Chrono Boost)  
  23  1:56  Assimilator  
  23  2:05  Gateway  
  23  2:06  Probe (Chrono Boost)  
  24  2:16  Cybernetics Core, Zealot  
  24  2:17  Probe (Chrono Boost)  
  24  2:18  Zealot  
  29  2:28  Forge  
  29  2:33  Pylon  
  29  2:59  Stalker  
  29  3:00  Stalker  
  29  3:04  Stalker  
  35  3:29  Stalker  
  37  3:34  Nexus  
  37  3:45  Stalker (Chrono Boost)  
  39  4:06  Pylon  
  39  4:12  Protoss Ground Weapons Level 1  
  39  4:21  Pylon  
  42  4:24  Probe  
  42  4:28  Stalker (Chrono Boost)  
  42  4:36  Probe  
  42  4:37  Stargate  
  43  4:40  Stalker (Chrono Boost)  
  37  5:08  Sentry (Chrono Boost)  
  37  5:09  Probe, Stalker (Chrono Boost)  
  37  5:11  Pylon  
  38  5:19  Probe  
  39  5:21  Oracle  
  42  5:30  Probe  
  43  5:40  Probe  
  43  5:42  Zealot (Chrono Boost)  
  48  5:44  Zealot (Chrono Boost)  
  48  5:47  Stalker (Chrono Boost)  
  50  5:51  Probe  
  51  6:02  Probe  
  52  6:05  Assimilator  
  52  6:08  Assimilator  
  52  6:12  Probe  
  52  6:13  Stargate  
  55  6:18  Stalker (Chrono Boost)  
  55  6:23  Probe  
  56  6:33  Probe  
Show
View Real Time Build Order
Export as new Build Order

pupu Protoss - Winner!

Build Orders: 1 Gate Expand 

Get SALT Encoding   

  12  0:00  Probe (Chrono Boost)  
  13  0:11  Probe (Chrono Boost)  
  14  0:18  Pylon  
  14  0:22  Probe (Chrono Boost)  
  15  0:36  Probe (Chrono Boost)  
  15  0:38  Gateway  
  16  0:47  Probe (Chrono Boost)  
  17  0:58  Probe (Chrono Boost)  
  18  1:14  Nexus  
  18  1:18  Probe (Chrono Boost)  
  19  1:29  Probe (Chrono Boost)  
  20  1:37  Cybernetics Core  
  20  1:39  Assimilator  
  20  1:43  Assimilator  
  20  1:45  Probe (Chrono Boost)  
  21  1:55  Probe (Chrono Boost)  
  22  2:06  Probe (Chrono Boost)  
  23  2:14  Pylon  
  23  2:25  Probe  
  23  2:26  Probe  
  25  2:35  Gateway  
  25  2:36  Probe  
  25  2:38  Probe, Stalker  
  25  2:40  Gateway  
  29  2:44  Warp Gate (Chrono Boost)  
  29  2:47  Probe  
  30  2:52  Pylon  
  30  2:59  Mothership Core  
  30  3:02  Probe  
  33  3:07  Pylon  
  33  3:17  Probe  
  33  3:19  Gateway  
  34  3:23  Sentry  
  34  3:25  Sentry  
  38  3:29  Adept  
  38  3:31  Probe  
  38  3:33  Probe  
  42  3:40  Pylon  
  42  3:42  Probe  
  42  3:46  Assimilator  
  42  3:47  Probe  
  44  4:01  Gateway  
  44  4:02  Probe x2  
  45  4:03  Gateway  
  46  4:12  Probe  
  46  4:14  Probe  
  48  4:19  Pylon  
  48  4:25  Probe, Forge  
  48  4:26  Probe  
  50  4:31  Pylon  
  50  4:38  Stalker x2  
  54  4:40  Sentry x2  
  56  5:07  Pylon  
  56  5:10  Pylon  
  56  5:13  Pylon  
  56  5:15  Stalker x2  
  56  5:16  Stalker x3  
  56  5:18  Stalker  
  68  5:27  Probe  
  68  5:28  Gateway  
  68  5:29  Probe  
  70  5:38  Assimilator  
  70  5:48  Probe  
  70  5:49  Probe  
  72  5:50  Photon Cannon  
  72  5:52  Photon Cannon  
  72  5:55  Stalker x2  
  72  5:56  Stalker  
  78  6:17  Zealot x3  
  84  6:23  Zealot x3  
Tags
 
Add a new tag
Caveats
  • Supply blocks, unpowered buildings, or Contaminate may cause inaccurate times.
  • Supply counts are checked every 10 seconds.